 Dungeon Crawl Stone Soup version 0.29-a0-495-g17b79114eb (webtiles) character file.

Game seed: 8496020314424587021

915 croobank the Sneak (level 8, -8/52 HPs)
             Began as an Octopode Venom Mage on May 27, 2022.
             Was an Initiate of Gozag.
             Mangled by an ice beast (14 damage)
             ... on level 5 of the Dungeon.
             The game lasted 00:22:08 (6385 turns).

croobank the Sneak (Octopode Venom Mage)            Turns: 6385, Time: 00:22:12

Health: -8/52      AC:  3    Str:  8    XL:     8   Next: 9%
Magic:  13/13      EV: 14    Int: 19    God:    Gozag
Gold:   399        SH:  0    Dex: 12    Spells: 4/14 levels left

rFire   . . .      SeeInvis .   h - +5 dagger (vamp)
rCold   . . .      Faith    .   (no shield)
rNeg    . . .      Spirit   .   q - +2 hat
rPois   .          Reflect  .   (no amulet)
rElec   .          Harm     .   (no ring)
rCorr   .          Rampage  .   (no ring)
Will    .....                   (no ring)
Stlth   ++++......              (no ring)
HPRegen 0.17/turn               (no ring)
MPRegen 0.13/turn               (no ring)
                                (no ring)
                                (no ring)

@: no status effects
A: almost no armour, amphibious, 8 rings, camouflage 1, gelatinous body 1,
(nimble swimmer 1), tentacles
a: Renounce Religion, Potion Petition, Call Merchant, Bribe Branch


You were on level 5 of the Dungeon.
You worshipped Gozag.
Gozag was aware of your devotion.
You visited 2 branches of the dungeon, and saw 8 of its levels.

You collected 490 gold pieces.
You paid 91 gold pieces to Gozag.

Inventory:

Hand Weapons
 b - a +0 hunting sling
 e - a +0 whip of pain
 h - a +5 vampiric dagger (weapon)
 n - a +0 hand axe
 t - a +1 whip of venom
 y - a +2 flail of protection
 z - a +0 long sword
Missiles
 c - 169 stones
 d - a throwing net
 f - 6 javelins
 s - 7 poisoned darts
Armour
 q - a +2 hat (worn)
Magical Staves
 o - a staff of conjuration
Jewellery
 l - a ring of positive energy
Wands
 x - a wand of digging (7)
Scrolls
 p - 2 scrolls of noise
 r - 3 scrolls of identify
 u - a scroll of brand weapon {unknown}
 w - 2 scrolls of vulnerability {unknown}
 A - 2 scrolls of enchant armour
 B - a scroll of fog {unknown}
 C - a scroll of blinking {unknown}
Potions
 a - 4 potions of magic
 g - 4 potions of cancellation
 i - a potion of degeneration
 j - a potion of heal wounds
 k - a potion of lignification {unknown}
 m - a potion of ambrosia {unknown}
 v - a potion of brilliance {unknown}


   Skills:
 + Level 3.3 Fighting
 + Level 4.1 Dodging
 + Level 5.9 Stealth
 + Level 3.8 Spellcasting
 + Level 3.5 Transmutations
 + Level 5.6 Poison Magic


You had 4 spell levels left.
You knew the following spells:

 Your Spells              Type           Power      Damage    Failure   Level
a - Sting                 Tmut/Pois      84%        1d7       2%          1
b - Poisonous Vapours     Pois/Air       28%        N/A       7%          2
c - Mephitic Cloud        Conj/Pois/Air  10%        N/A       19%         3
d - Olgreb's Toxic Radia  Pois           25%        N/A       14%         4

Your spell library contained the following spells:

 Spells                   Type           Power      Damage    Failure   Level
 Magic Dart               Conj           12%        1d3       14%         1
 Searing Ray              Conj           6%         2d4       22%         2
 Fulminant Prism          Conj/Hex       1%         3d6       80%         4


Dungeon Overview and Level Annotations

Branches:
Dungeon (7/15)             Temple (1/1) D:5

Altars:
Ashenzari
Gozag
Hepliaklqana
Makhleb
Okawaru
Trog
Vehumet
Xom
Yredelemnul
Zin

Shops:
D:3 [


Innate Abilities, Weirdness & Mutations

You cannot wear most types of armour.
You are amphibious.
You can wear up to eight rings at the same time.
Your skin changes colour to match your surroundings (Stealth+).
Your rubbery body absorbs attacks. (AC +1, EV +1)
((You are camouflaged when in or above water. (Stealth+)))
You have tentacles for arms and can constrict up to eight enemies at once.


Message History

Okay, then.
Casting: Olgreb's Toxic Radiance (quite dangerous; 14% risk of failure)
Confirm with . or Enter, or press ? or * to list all spells.
Okay, then.
You feel much better. The ice beast closely misses you.
Casting: Olgreb's Toxic Radiance (quite dangerous; 14% risk of failure)
Confirm with . or Enter, or press ? or * to list all spells.
You can't see any susceptible monsters within range! (Use Z to cast anyway.)
You hit the ice beast.
The ice beast is moderately wounded.
The ice beast hits you but does no damage.
You puncture the ice beast!
You feel better.
The ice beast is heavily wounded.
The ice beast closely misses you.
You barely miss the ice beast.
The ice beast is heavily wounded.
The ice beast misses you.
You barely miss the ice beast.
The ice beast is heavily wounded.
The ice beast closely misses you.
You closely miss the ice beast.
The ice beast is heavily wounded.
The ice beast misses you.
You hit the ice beast.
The ice beast is severely wounded.
The ice beast hits you. The ice beast freezes you!
You hit the ice beast but do no damage. Your squeeze misses the ice beast.
The ice beast is severely wounded.
The ice beast hits you. The ice beast freezes you!
You hit the ice beast.
The ice beast is severely wounded.
The ice beast hits you. The ice beast freezes you!
* * * LOW HITPOINT WARNING * * *
You barely miss the ice beast. Your squeeze misses the ice beast.
The ice beast is severely wounded.
The ice beast hits you.
* * * LOW HITPOINT WARNING * * *
The ice beast freezes you!
You die...
Your body crumbles into a pile of gold.

.........# #.........#
#####. .........#
#.........# #.....
........<# #.........#
#.#### .........#
#####.#.### #.# ...).....#
########...######.#
####)#####
#.................#### #.##
#.########.#####...... #..#
#..#### #...# ##.#### ##.#
##..Y@## #.#)# ##.###
#.##### ####..###.#.#
#....# #..##.####
##.....#.# #....#
##.##....#######..#.#
#....#
#.#####......##....###....#
#.# ######...#...##.....#
#.# ###....)...###### #.#
###)..))..).... #.#
###'#####.####.


You could see an ice beast.

Vanquished Creatures
  Edmund (D:5)
  2 ogres (D:5)
  A necrophage (D:5)
  3 scorpions
  A hound (D:5)
  A jelly (D:4)
  3 orc wizards
  Robin (D:3)
  8 gnolls
  4 adders
  3 ufetubi
  3 worms
  4 dart slugs
  10 orcs
  8 bats
  7 endoplasms
  5 giant cockroaches
  15 goblins
  7 hobgoblins
  6 quokkas
  3 ball pythons
  A frilled lizard (D:3)
  3 kobolds
  2 rats
  A bush (D:1)
103 creatures vanquished.

Notes
Turn   | Place    | Note
-------+----------+-------------------------------------------
     0 | D:1      | croobank the Octopode Venom Mage began the quest for the
                  | Orb.
     0 | D:1      | Reached XP level 1. HP: 11/11 MP: 3/3
   227 | D:1      | Reached XP level 2. HP: 17/17 MP: 0/5
   383 | D:1      | Learned a level 2 spell: Poisonous Vapours
  1741 | D:2      | Reached XP level 3. HP: 22/22 MP: 6/6
  1889 | D:2      | Found a faded altar of an unknown god.
  2135 | D:2      | Found a broken altar of Ashenzari.
  2492 | D:3      | Found Biydew's Armour Boutique.
  2517 | D:3      | Found a basalt altar of Yredelemnul.
  3173 | D:3      | Reached skill level 1 in Fighting
  3179 | D:3      | Reached XP level 4. HP: 28/28 MP: 1/7
  3375 | D:3      | Noticed Robin
  3389 | D:3      | Killed Robin
  3752 | D:3      | Found a glowing silver altar of Zin.
  3757 | D:3      | Found a radiant altar of Vehumet.
  3762 | D:3      | Learned a level 3 spell: Mephitic Cloud
  4176 | D:4      | Reached XP level 5. HP: 33/33 MP: 3/8
  4641 | D:5      | Entered Level 5 of the Dungeon
  4641 | D:5      | Noticed an ogre
  4654 | D:5      | Killed an ogre
  4655 | D:5      | Reached XP level 6. HP: 20/39 MP: 2/10
  4812 | D:5      | Noticed Edmund
  4837 | D:5      | Killed Edmund
  4922 | D:5      | Found a staircase to the Ecumenical Temple.
  4942 | Temple   | Entered the Ecumenical Temple
  4950 | Temple   | Became a worshipper of Gozag Ym Sagoz the Greedy
  4998 | D:5      | Reached skill level 5 in Stealth
  5090 | D:5      | Reached XP level 7. HP: 36/45 MP: 5/11
  5318 | D:6      | Reached skill level 5 in Poison Magic
  5799 | D:5      | Learned a level 4 spell: Olgreb's Toxic Radiance
  6165 | D:5      | Reached XP level 8. HP: 52/52 MP: 13/13
  6385 | D:5      | Mangled by an ice beast

Illustrated notes

Levels and vault maps discovered:
D:1:      noname_arrival_rooms_in_the_neighbourhood, layout_loops_ring,
          serial_forest, infiniplex_forest_end_3, infiniplex_forest_clump_small,
          infiniplex_forest_fountain, infiniplex_forest_straight_3,
          infiniplex_forest_side_room, infiniplex_forest_end_3,
          infiniplex_forest_lined_ring
D:2:      layout_loops_corners, nicolae_ecumenical_oubliette, basic_altar,
          minmay_misc_feat_ornament
D:3:      layout_basic, lemuel_round_altar, amethyst_overflow_temple_binary,
          serial_shops, nicolae_shop_competitors_out_of_business,
          minmay_misc_feat_encased, kennysheep_decorative_pillar,
          nicolae_figureground_pulse, uniq_robin
D:4:      layout_rooms, minmay_bisected
D:5:      layout_rooms, minmay_temple_entry_hall, uniq_edmund
D:6:      layout_basic, uniq_grinder
D:7:      minmay_razor_zed, layout_basic, gammafunk_ghost_wrathful_warriors
Temple:   regret_index_temple_mists

Skill      XL: |  1  2  3  4  5  6  7 |
---------------+----------------------+-----
Stealth        | 3 4 5 |  5.9
Poison Magic   | 4 5 |  5.6
Fighting       | 1 2 3 |  3.3
Transmutations | 2 3 |  3.5
Dodging        | 3 4 |  4.1
Spellcasting   | 3 |  3.8

Action                   |  1- 3 |  4- 6 |  7- 9 || total
-------------------------+-------+-------+-------++-------
Melee: Unarmed           |     7 |       |       ||     7
       Tentacles         |    81 |    18 |    10 ||   109
       Dagger            |   260 |    68 |    66 ||   394
       Punch             |    10 |     1 |     1 ||    12
       Constrict         |    13 |    15 |    13 ||    41
 Cast: Sting             |    11 |       |     1 ||    12
       Poisonous Vapours |    21 |    38 |    16 ||    75
       Mephitic Cloud    |       |       |     4 ||     4
       Olgreb's Toxic Ra |       |       |     2 ||     2
  Use: Scroll            |     6 |       |     9 ||    15
       Potion            |       |     2 |     6 ||     8
 Stab: Sleeping          |     5 |     3 |       ||     8
       Distracted        |       |       |     1 ||     1
Armor: Skin              |     4 |    11 |    13 ||    28
Dodge: Dodged            |    26 |    39 |    82 ||   147

Table legend: (Time is in decaauts)
 A = Elapsed time spent in this place.
 B = Non-inter-level travel time spent in this place.
 C = Inter-level travel time spent in this place.
 D = Time resting spent in this place.
 E = Time spent auto-exploring this place.
 F = Levels seen in this place.
 G = Mean time per level.
                   A        B        C        D        E       F      G
               +--------+--------+--------+--------+--------+-----+--------+
         Total |   6398 |   6147 |    251 |    820 |   3995 |   8 |  799.8 |
       Dungeon |   6379 |   6137 |    242 |    820 |   3995 |   7 |  911.3 |
        Temple |     18 |      9 |      9 |      0 |      0 |   1 |   18.0 |
               +--------+--------+--------+--------+--------+-----+--------+

Top non-repeatable levels by time:
     D:3: 1610 daAuts
     D:1: 1432 daAuts
     D:5: 1085 daAuts
     D:2: 986 daAuts
     D:4: 875 daAuts
     D:6: 387 daAuts
  Temple: 18 daAuts
     D:7: 1 daAuts
